 Dungeon Crawl Stone Soup version 0.18-a0-1193-gb7aa92a (webtiles) character file.

3093 Oddball22 the Frost Mage (level 9, -6/51 HPs)
             Began as an Octopode Ice Elementalist on Jan 29, 2016.
             Killed by divine providence
             ... invoked by an orc priest
              (11 damage)
             ... on level 7 of the Dungeon.
             The game lasted 00:29:37 (8164 turns).

Oddball22 the Frost Mage (OpIE)                     Turns: 8164, Time: 00:29:37

Health: -6/51      AC:  1    Str:  7    XL:     9   Next: 90%
Magic:  3/18       EV: 12    Int: 22    God:
Gold:   317        SH:  0    Dex: 13    Spells: 6 memorised, 3 levels left

rFire  . . .     SeeInvis .     n - +2 spear (freeze)
rCold  . . .     Gourm    .     (no shield)
rNeg   . . .     Faith    .     (helmet restricted)
rPois  .         Spirit   .     m - amulet of regeneration
rElec  .         Dismiss  .     (no ring)
rCorr  .         Reflect  .     (no ring)
SustAt .         Harm     .     (no ring)
MR     .....                    (no ring)
Stlth  +++.......               (no ring)
                                (no ring)
                                (no ring)
                                (no ring)

@: not resistant to hostile enchantments, fairly stealthy
A: almost no armour, amphibious, 8 rings, constrict 8, camouflage 1, clever 1,
gelatinous body 1
a: no special abilities


You were on level 7 of the Dungeon.
You were very hungry.

You visited 2 branches of the dungeon, and saw 9 of its levels.

You collected 317 gold pieces.

Inventory:

Hand Weapons
 j - a +1 mace of protection
 l - a +0 dagger of venom
 n - a +2 spear of freezing (weapon)
Jewellery
 c - an uncursed amulet of dismissal
 m - an amulet of regeneration (around mantle)
 y - an uncursed ring of resist corrosion {unknown}
Wands
 i - a wand of slowing (33/48)
 s - a wand of flame (9/48)
 t - a wand of enslavement (7/24)
Scrolls
 e - a scroll of recharging {unknown}
 f - a scroll of random uselessness {unknown}
 g - 3 scrolls of teleportation
 h - 2 scrolls of fear
 q - a scroll of remove curse
 r - 2 scrolls of identify {unknown}
 v - a scroll of noise {unknown}
 w - 2 scrolls of magic mapping {unknown}
Potions
 k - a potion of brilliance
Books
 a - a book of Frost

   Spells                             Type                      Level
   a - Freeze                         Ice                          1
   b - Throw Frost                    Conjuration/Ice              2
   c - Ozocubu's Armour               Charms/Ice                   3
   d - Throw Icicle                   Conjuration/Ice              4
   e - Summon Ice Beast               Ice/Summoning                4
   f - Condensation Shield            Ice                          4
 d - a book of Summonings

   Spells                             Type                      Level
   a - Recall                         Summoning/Translocation      3
   b - Aura of Abjuration             Summoning                    5
   c - Summon Demon                   Summoning                    5
   d - Summon Forest                  Summoning/Translocation      5
   e - Summon Mana Viper              Hexes/Summoning              5
   f - Shadow Creatures               Summoning                    6
Comestibles
 b - 9 bread rations
 p - 2 royal jellies
 u - 3 meat rations


   Skills:
 - Level 2.0 Dodging
 - Level 2.6 Stealth
 - Level 6.5 Spellcasting
 + Level 5.5 Conjurations
 - Level 3.3 Charms
 + Level 3.5 Summonings
 * Level 9.3 Ice Magic


You had 3 spell levels left.
You knew the following spells:

 Your Spells              Type           Power        Failure   Level  Hunger
a - Freeze                Ice            ####         1%          1    None
b - Throw Frost           Conj/Ice       #####.       1%          2    None
c - Ozocubu's Armour      Chrm/Ice       #####...     1%          3    #......
d - Condensation Shield   Ice            #####.....   1%          4    ###....
e - Throw Icicle          Conj/Ice       #####...     4%          4    ###....
f - Summon Ice Beast      Ice/Summ       #####...     8%          4    ###....


Dungeon Overview and Level Annotations

Branches:
Dungeon (8/15)             Temple (1/1) D:5
   Lair: D:8-11

Altars:
Ashenzari
Dithmenos
Fedhas
Makhleb
Nemelex Xobeh
Okawaru
Vehumet
Xom
Yredelemnul
Zin
The Shining One

Annotations:
D:4 Reinor's ghost, amateur TeFE
D:7 Musteatbrain's ghost, novice DsFi


Innate Abilities, Weirdness & Mutations

You cannot wear most types of armour.
You are amphibious.
You can wear up to eight rings at the same time.
You can use your tentacles to constrict eight enemies at once.
Your skin changes colour to match your surroundings (Stealth).
Your rubbery body absorbs attacks (AC +1).
Your mind is acute. (Int +2)


Message History

The orc wizard flickers and vanishes!
Deactivating autopickup; reactivate with Ctrl-A.
Your ice beast barely misses the orc priest.
The orc priest hits your ice beast but does no damage.
Musteatbrain's ghost barely misses your ice beast.
Attack whom?
Press: ? - help, Dir - move target cursor, f/p - orc priest
Aim: an orc priest You reach to attack!
You barely miss the orc priest.
Your ice beast hits the orc priest but does no damage.
The orc priest closely misses your ice beast.
Musteatbrain's ghost hits your ice beast.
Attack whom?
Press: ? - help, Dir - move target cursor, f/p - orc priest
Aim: an orc priest You could not reach far enough!
Your ice beast barely misses Musteatbrain's ghost.
The orc priest invokes the aid of Beogh against you.
Something smites you!
You die...

.#.# # #.# .###.##.# ##.# #. #.#
####......... ##.# ..o.. #.#
#...###...... ##.# ..# #.##.#
#...# #.[.... #.# ..#
#....###...###...<..
#.######..###.###.......<.......
#..............Z................
###......########W............[.
####..#.........@Yo{....###......
.....#_#..##########>...# #.###.#
####..#....# #....###.###.#
#.....#.# #............#
####.##.# ###.####.##### #....#
########.# #...... ####.#
##........# ####### #.###...##
### #........#


You could see an orc priest, Musteatbrain's ghost and a friendly ice beast.

Vanquished Creatures
  Eustachio (D:5)
  A spriggan (D:7)
  A hippogriff (D:7)
  A sky beast (D:6)
  An orc warrior (D:6)
  A necrophage (D:7)
  5 ogres
  3 giant frogs
  Blork the orc (D:6)
  2 scorpions
  4 killer bees (D:7)
  A crimson imp (D:5)
  A giant frog zombie (D:6)
  An iron imp (D:5)
  5 hounds
  5 orc wizards
  A centaur skeleton (D:5)
  4 orc priests
  2 iguanas (D:5)
  A worker ant (D:5)
  Natasha (thrice) (D:3)
  A hound skeleton (D:8)
  A worker ant zombie (D:5)
  12 gnolls
  10 adders
  A shadow imp (D:7)
  2 adder zombies
  An adder skeleton (D:6)
  3 worms
  4 giant geckos
  21 orcs
  9 bats
  4 giant cockroaches
  2 goblins (D:2)
  9 hobgoblins
  3 jackals (D:5)
  7 kobolds
  4 quokkas
  A ball python (D:5)
  7 giant newts
  3 goblin zombies (D:5)
  4 hobgoblin zombies (D:5)
  A kobold zombie (D:5)
  2 orc skeletons (D:5)
  An orc zombie (D:5)
  11 rats
169 creatures vanquished.

Vanquished Creatures (collateral kills)
  The ghost of Musteatbrain the Skirmisher, a novice DsFi of Qazlal (D:6)
  An ogre (D:6)
  A giant frog (D:6)
  A jelly (D:6)
4 creatures vanquished.

Grand Total: 173 creatures vanquished

Notes
Turn   | Place    | Note
--------------------------------------------------------------
     0 | D:1      | Oddball22 the Octopode Ice Elementalist began the quest for the Orb.
     0 | D:1      | Reached XP level 1. HP: 11/11 MP: 3/3
   253 | D:1      | Reached XP level 2. HP: 17/17 MP: 0/5
   308 | D:1      | Learned a level 2 spell: Throw Frost
  1240 | D:2      | Reached XP level 3. HP: 21/21 MP: 0/6
  1248 | D:2      | Learned a level 3 spell: Ozocubu's Armour
  1518 | D:2      | Reached skill level 4 in Ice Magic
  1708 | D:2      | Reached XP level 4. HP: 27/27 MP: 5/8
  2280 | D:2      | Found a shattered altar of Ashenzari.
  2509 | D:3      | Reached XP level 5. HP: 31/31 MP: 2/9
  2518 | D:3      | Noticed Natasha
  2753 | D:3      | Reached skill level 5 in Ice Magic
  2765 | D:3      | Learned a level 4 spell: Condensation Shield
  3001 | D:3      | Killed Natasha
  3073 | D:3      | Noticed Natasha
  3079 | D:3      | Killed Natasha
  3157 | D:3      | Reached XP level 6. HP: 36/36 MP: 4/11
  3257 | D:3      | Noticed Natasha
  3266 | D:3      | Killed Natasha
  3617 | D:3      | Reached skill level 6 in Ice Magic
  4121 | D:4      | Reached XP level 7. HP: 34/41 MP: 8/13
  4203 | D:4      | Reached skill level 1 in Charms
  4444 | D:4      | Noticed Reinor's ghost (amateur TeFE)
  4483 | D:5      | Entered Level 5 of the Dungeon
  4904 | D:5      | Found a shadowy altar of Dithmenos.
  4931 | D:5      | Gained mutation: Your mind is acute. (Int +2) [potion of beneficial mutation]
  4939 | D:5      | Reached skill level 5 in Spellcasting
  4948 | D:5      | Reached XP level 8. HP: 8/46 MP: 9/15
  5663 | D:5      | Learned a level 4 spell: Throw Icicle
  5681 | D:5      | Reached skill level 7 in Ice Magic
  5706 | D:5      | Found a glowing golden altar of the Shining One.
  5986 | D:5      | Noticed Eustachio
  5989 | D:5      | Found a staircase to the Ecumenical Temple.
  6000 | D:5      | Killed Eustachio
  6012 | Temple   | Entered the Ecumenical Temple
  6392 | D:6      | Noticed Musteatbrain's ghost (novice DsFi)
  6400 | D:6      | Noticed Blork the orc
  6413 | D:6      | Killed Blork the orc
  6554 | D:6      | Reached XP level 9. HP: 32/51 MP: 18/18
  6560 | D:6      | Learned a level 4 spell: Summon Ice Beast
  6683 | D:6      | Reached skill level 1 in Summonings
  6922 | D:6      | Killed Musteatbrain's ghost
  6922 | D:6      | Reached skill level 8 in Ice Magic
  7235 | D:6      | Found a shimmering altar of Xom.
  7236 | D:6      | Found a shimmering altar of Xom.
  7236 | D:6      | Found a shimmering altar of Xom.
  7236 | D:6      | Found a shimmering altar of Xom.
  7678 | D:7      | Reached skill level 5 in Conjurations
  7745 | D:7      | Found an iron altar of Okawaru.
  7847 | D:7      | Reached skill level 9 in Ice Magic
  8114 | D:7      | Noticed Musteatbrain's ghost (novice DsFi)
  8164 | D:7      | Killed from afar by an orc priest

Vault maps used:
D:1:      lemuel_arrival_room
D:2:      lemuel_crystal_altar
D:3:      first_bread, kennysheep_big_empty_room, uniq_natasha
D:4:      minitemple, chequers_ossuary_entry_cave
D:5:      minmay_temple_entry_nine_rooms, basic_altar, grunt_decor_mini_mirrors,
          nicolae_tso_besieged_by_evil, uniq_eustachio
D:6:      xom_redecorated, uniq_blork_the_orc
D:7:      the_bakery, okawaru_metal_pillars_1_2
D:8:      overflow_temple_1_default, uniq_erica
Temple:   hc_temple_tempest_star_small

Action                   |  1- 3 |  4- 6 |  7- 9 || total
-------------------------+-------+-------+-------++-------
Melee: Dagger            |    13 |    53 |   286 ||   352
       Spear             |       |    43 |    71 ||   114
       Mace              |       |       |    14 ||    14
 Cast: Freeze            |    35 |    13 |    22 ||    70
       Throw Frost       |     6 |    25 |    38 ||    69
       Ozocubu's Armour  |       |     3 |     8 ||    11
       Condensation Shie |       |       |     5 ||     5
       Summon Ice Beast  |       |       |     6 ||     6
       Throw Icicle      |       |       |     1 ||     1
  Use: Scroll            |       |     5 |       ||     5
       Potion            |       |     2 |     9 ||    11
 Stab: Sleeping          |       |     9 |     6 ||    15
       Distracted        |       |       |     3 ||     3
  Eat: Chunk             |     3 |     9 |    14 ||    26
